 Dungeon Crawl Stone Soup version 0.21.0-30-g47ce8e4 (webtiles) character file.

3809 0nlyMegaZig the Geomancer (level 9, -2/68 HPs)
             Began as a Deep Dwarf Necromancer on Jan 29, 2018.
             Was a Follower of Makhleb.
             Slain by Gastronok (20 damage)
             ... on level 8 of the Dungeon.
             The game lasted 00:15:03 (8020 turns).

0nlyMegaZig the Geomancer (Deep Dwarf Necromancer)  Turns: 8020, Time: 00:15:04

Health: -2/68      AC:  4    Str: 12    XL:     9   Next: 96%
Magic:  5/20       EV: 12    Int: 19    God:    Makhleb [*.....]
Gold:   426        SH:  0    Dex: 13    Spells: 15/24 levels left

rFire    + . .     SeeInvis .   o - +0 flail (holy)
rCold    + . .     Gourm    .   (no shield)
rNeg     . . .     Faith    .   E - +1 robe {rC+ rF+}
rPois    .         Spirit   .   (no helmet)
rElec    .         Reflect  .   (no cloak)
rCorr    .         Harm     .   (no gloves)
MR       +....                  v - +0 pair of boots
Stlth    ++........             f - amulet of rage
HPRegen  0.00/turn              B - +1 ring of slaying
MPRegen  0.17/turn              (no ring)

@: non-regenerating
A: damage resistance, heal wounds, sense surroundings 2, no regeneration
a: Heal Wounds, Renounce Religion, Evoke Berserk Rage


You were on level 8 of the Dungeon.
You worshipped Makhleb.
Makhleb was aware of your devotion.
You were not hungry.

You visited 2 branches of the dungeon, and saw 9 of its levels.

You collected 426 gold pieces.

Inventory:

Hand Weapons
 o - a +0 flail of holy wrath (weapon)
 w - a +0 trident
Armour
 a - a +0 robe
 v - a +0 pair of boots (worn)
 E - a +1 robe of resistance (worn)
Jewellery
 f - an amulet of rage (around neck)
 B - a +1 ring of slaying (left hand)
Wands
 C - a wand of enslavement (12)
Scrolls
 d - 2 scrolls of amnesia {unknown}
 e - 6 scrolls of fog {unknown}
 h - 7 scrolls of remove curse {unknown}
 k - 4 scrolls of identify {unknown}
 n - 2 scrolls of magic mapping {unknown}
 p - 3 scrolls of enchant armour {unknown}
 t - 4 scrolls of teleportation {unknown}
 x - a scroll of blinking {unknown}
 z - 2 scrolls of random uselessness {unknown}
 A - a scroll of enchant weapon {unknown}
Potions
 g - 5 potions of might {unknown}
 i - 2 potions of brilliance {unknown}
 j - 5 potions of heal wounds {unknown}
 l - 2 potions of curing {unknown}
 m - a potion of resistance {unknown}
 q - a potion of agility {unknown}
 r - a potion of degeneration {unknown}
 s - 2 potions of haste {unknown}
 u - 3 potions of mutation {unknown}
Books
 b - a book of Necromancy

   Spells                             Type                      Level
   a - Pain                           Necromancy                   1
   b - Animate Skeleton               Necromancy                   1
   c - Vampiric Draining              Necromancy                   3
   d - Regeneration                   Charms/Necromancy            3
   e - Animate Dead                   Necromancy                   4
   f - Borgnjor's Vile Clutch         Necromancy/Earth             5
 y - a book of Cantrips

   Spells                             Type                      Level
   a - Confusing Touch                Hexes                        1
   b - Animate Skeleton               Necromancy                   1
   c - Summon Small Mammal            Summoning                    1
   d - Apportation                    Translocation                1
Comestibles
 c - 20 rations


   Skills:
 - Level 2.1 Dodging
 - Level 2.4 Stealth
 - Level 8.2 Spellcasting
 - Level 8.6 Necromancy
 + Level 10.7 Earth Magic


You had 15 spell levels left.
You knew the following spells:

 Your Spells              Type           Power        Failure   Level  Hunger
a - Pain                  Necr           ####         1%          1    None
b - Vampiric Draining     Necr           #####.....   1%          3    None
c - Borgnjor's Vile Clut  Necr/Erth      #####.....   4%          5    #####..


Dungeon Overview and Level Annotations

Branches:
Dungeon (8/15)             Temple (1/1) D:6            Lair (0/6) D:8

Altars:
Cheibriados
Dithmenos
Makhleb
Qazlal
Ru
Sif Muna
Trog
Xom

Annotations:
D:8 Gastronok


Innate Abilities, Weirdness & Mutations

You are resistant to damage.
You can heal yourself by infusing magical energy.
You passively map the area around you.
You do not regenerate.


Message History

Unknown command.
You are feeling hungry.
You see here a dagger of distortion.
You start resting.
Eating a chunk of flesh.
You eat the chunk of flesh.
This raw flesh tastes terrible.
Gastronok bites you!!
* * * LOW HITPOINT WARNING * * *
Casting: Borgnjor's Vile Clutch
Confirm with . or Enter, or press ? or * to list all spells.
Aiming: Borgnjor's Vile Clutch
Press: ? - help, Dir - move target cursor, f/p - Gastronok
Aim: Gastronok, wearing a glowing hat (heavily wounded) Decaying hands burst forth from the earth!
Zombie hands grab Gastronok.
The zombie hands constrict Gastronok!
Unknown command.
You sock Gastronok!
Gastronok is heavily wounded.
The zombie hands constrict Gastronok!
Gastronok bites you!!
You die...

, #.......#.#
#..'#†#.##.##.# ***
#.......#.# #..#.#†#....#.#
*, #.......#.#
#####.#.##..#.# *
#.......#.# ######..#.#
#.......#.# #.# ##.#.# *
,*#.......#)# #.# #.#.# , ,
* , , #.# #.####.#.# * , *
,#w########.#.....<# *#
,,#.@......#.#.##.#.#
#.##############.#.#.##.#.#
#................#.#.##.#.#
*
.##....##########.#.##.#.#
* , #....'..# #.#.##.#.#
*#....##.# #.#.##.#.#
#....##.# #.#.##.#.#
*#....##.# #.#.##.#.#
*#....##.#######.#......#


You could see Gastronok.

Vanquished Creatures
  Pikel (D:7)
  Psyche (D:8)
  A hippogriff (D:7)
  The ghost of amyqute1 the Skirmisher, an amateur GnAK of Lugonu (D:3)
  Menkaure (D:5)
  Edmund (D:4)
  2 soldier ants (D:8)
  3 black bears
  A slave (D:7)
  2 ogres
  A necrophage (D:6)
  A centaur (D:6)
  A crocodile (D:7)
  4 bullfrogs
  6 scorpions
  A wight (D:6)
  A howler monkey (D:5)
  7 crimson imps
  3 hounds
  A jelly (D:7)
  A bullfrog skeleton (D:5)
  2 orc priests (D:5)
  2 iguanas
  An orc wizard (D:5)
  3 worker ants
  A hound skeleton (D:6)
  5 gnolls (D:6)
  8 river rats (D:6)
  13 adders
  An ooze (D:6)
  An adder skeleton (D:7)
  5 worms
  3 dart slugs
  9 leopard geckos
  11 orcs
  5 giant cockroaches
  6 goblins
  7 hobgoblins
  6 jackals
  5 kobolds
  11 quokkas
  5 bats
  4 frilled lizards
  A jackal skeleton (D:4)
  A quokka skeleton (D:6)
  21 rats
178 creatures vanquished.

Vanquished Creatures (others)
  2 slaves (D:7)
  An orc wizard (D:6)
  An adder (D:6)
  2 orcs (D:6)
6 creatures vanquished.

Grand Total: 184 creatures vanquished

Notes
Turn   | Place    | Note
-------+----------+-------------------------------------------
     0 | D:1      | 0nlyMegaZig the Deep Dwarf Necromancer began the quest for the Orb.
     0 | D:1      | Reached XP level 1. HP: 15/15 MP: 3/3
   120 | D:1      | Reached XP level 2. HP: 13/22 MP: 0/5
   626 | D:2      | Found a faded altar of an unknown god.
   690 | D:2      | Reached XP level 3. HP: 14/28 MP: 0/7
   945 | D:2      | Learned a level 3 spell: Vampiric Draining
  1079 | D:2      | Reached skill level 5 in Necromancy
  1109 | D:2      | Reached XP level 4. HP: 14/36 MP: 0/8
  2040 | D:3      | Reached XP level 5. HP: 20/42 MP: 7/10
  2461 | D:3      | Noticed amyqute1's ghost (amateur GnAK)
  2823 | D:4      | Reached XP level 6. HP: 33/49 MP: 1/12
  3030 | D:3      | Noticed an orc warrior
  3061 | D:2      | Learned a level 5 spell: Borgnjor's Vile Clutch
  3257 | D:3      | Killed amyqute1's ghost
  3269 | D:3      | HP: 2/49 [orc warrior/trident (18)]
  3311 | D:2      | Reached skill level 5 in Spellcasting
  3798 | D:5      | Entered Level 5 of the Dungeon
  3798 | D:5      | Noticed Edmund
  3810 | D:4      | Killed Edmund
  3810 | D:4      | Reached XP level 7. HP: 18/55 MP: 1/14
  4012 | D:5      | Noticed Menkaure
  4021 | D:5      | Found a shimmering altar of Xom.
  4112 | D:5      | Killed Menkaure
  4358 | D:5      | Reached XP level 8. HP: 40/62 MP: 2/16
  5170 | D:6      | Found a shimmering altar of Xom.
  5215 | D:6      | Found a shadowy altar of Dithmenos.
  5310 | D:6      | Found a staircase to the Ecumenical Temple.
  5334 | Temple   | Entered the Ecumenical Temple
  5345 | Temple   | Became a worshipper of Makhleb the Destroyer
  5783 | D:6      | Reached * piety under Makhleb
  5999 | D:6      | Reached skill level 1 in Earth Magic
  5999 | D:6      | Reached skill level 2 in Earth Magic
  5999 | D:6      | Gained mutation: You passively map the area around you. [Deep Dwarf growth]
  5999 | D:6      | Reached XP level 9. HP: 27/68 MP: 4/20
  6505 | D:7      | Noticed Pikel
  6512 | D:7      | Killed Pikel
  6512 | D:7      | Reached skill level 6 in Earth Magic
  6704 | D:7      | Reached skill level 7 in Earth Magic
  6847 | D:7      | Found a snail-covered altar of Cheibriados.
  6956 | D:7      | Reached skill level 8 in Earth Magic
  7140 | D:7      | Reached skill level 9 in Earth Magic
  7639 | D:8      | Found a staircase to the Lair.
  7795 | D:8      | Reached skill level 10 in Earth Magic
  7928 | D:8      | Noticed Psyche
  7932 | D:8      | Killed Psyche
  7964 | D:8      | Noticed Gastronok
  8020 | D:8      | Slain by Gastronok

Skill      XL: |  1  2  3  4  5  6  7  8  9 |
---------------+----------------------------+-----
Spellcasting   | 2 3 4 5 6 8 |  8.2
Necromancy     | 5 6 7 8 |  8.6
Earth Magic    | 2 10 | 10.7
Dodging        | |  2.1
Stealth        | |  2.4

Action                   |  1- 3 |  4- 6 |  7- 9 || total
-------------------------+-------+-------+-------++-------
Melee: Unarmed           |    45 |    83 |       ||   128
       Trident           |       |    10 |       ||    10
       Flail             |       |       |   220 ||   220
 Cast: Pain              |    54 |    45 |    16 ||   115
       Vampiric Draining |     4 |    33 |    89 ||   126
       Borgnjor's Vile C |       |       |    13 ||    13
 Abil: Evoke Berserk Rag |     1 |     2 |     1 ||     4
       Heal Wounds       |     1 |     1 |     1 ||     3
 Stab: Sleeping          |       |     1 |     3 ||     4
  Eat: Chunk             |     2 |     9 |    18 ||    29
       Ration            |       |     1 |     1 ||     2
Armor: Robe              |    19 |    18 |    57 ||    94
Dodge: Dodged            |    58 |   108 |   236 ||   402
